 Dungeon Crawl Stone Soup version 0.29-a0-1043-g569b05d6ff (webtiles) character file.

Game seed: 14414247274868084675

47 SensoryNuts the Covered (level 3, -1/31 HPs)
             Began as a Demigod Fighter on Aug 15, 2022.
             Slain by Natasha (6 damage)
             ... on level 2 of the Dungeon.
             The game lasted 00:00:41 (1322 turns).

SensoryNuts the Covered (Demigod Fighter)           Turns: 1322, Time: 00:00:41

Health: -1/31      AC:  6    Str: 21    XL:     3   Next: 29%
Magic:  5/5        EV:  9    Int: 10    God:
Gold:   47         SH:  4    Dex: 13    Spells: 2/2 levels left

rFire   . . .      SeeInvis .   a - +0 long sword
rCold   . . .      Faith    .   c - +0 buckler
rNeg    . . .      Spirit   .   b - +0 scale mail
rPois   .          Reflect  .   (no helmet)
rElec   .          Harm     .   (no cloak)
rCorr   .          Rampage  .   (no gloves)
Will    .....                   (no boots)
Stlth   ..........              (no amulet)
HPRegen 0.10/turn               (no ring)
MPRegen 0.09/turn               (no ring)

@: mighty, slowed, very slow
A: high MP 1, forlorn, divine attributes
a: no special abilities


You were on level 2 of the Dungeon.
You visited 1 branch of the dungeon, and saw 2 of its levels.

You collected 47 gold pieces.

Inventory:

Hand Weapons
 a - a +0 long sword (weapon)
Armour
 b - a +0 scale mail (worn)
 c - a +0 buckler (worn)
Scrolls
 f - a scroll of magic mapping {unknown}
Potions
 e - 2 potions of flight {unknown}
 g - a potion of heal wounds {unknown}


   Skills:
 + Level 3.0 Fighting
 + Level 2.2 Long Blades
 + Level 3.2 Armour
 + Level 0.3 Dodging
 + Level 3.1 Shields


You had 2 spell levels left.
You didn't know any spells.
Your spell library was empty.

Dungeon Overview and Level Annotations

Branches:
Dungeon (2/15)

Annotations:
D:2 Natasha


Innate Abilities, Weirdness & Mutations

You have an increased reservoir of magic. (+10% MP)
You shall have no god before yourself.
Your divine heritage dramatically boosts your attributes as you level up.


Message History

Natasha is nearby!
Natasha is nearby!
Natasha hisses angrily.
You barely miss Natasha. Natasha claws you!
You slash Natasha!
Natasha is severely wounded.
Natasha claws you.
Natasha howls an incantation.
You feel troubled. Natasha claws you but does no damage.
You closely miss Natasha.
Natasha is severely wounded.
Natasha casts a spell at you. The magic dart hits you.
You hit Natasha.
Natasha is almost dead.
Natasha barely misses you.
Natasha wildly gestures.
Natasha glows brightly for a moment.
Natasha stares at you and mumbles some strange words.
The magic dart hits you!
You closely miss Natasha.
Natasha is almost dead.
Natasha claws you.
* * * LOW HITPOINT WARNING * * *
You feel very mighty all of a sudden.
Natasha mumbles some strange words.
You barely miss Natasha.
Natasha is almost dead.
Natasha stares at you and mumbles some strange words.
The magic dart hits you.
* * * LOW HITPOINT WARNING * * *
You closely miss Natasha.
Natasha is almost dead.
Natasha stares at you and mumbles some strange words.
You feel yourself slow down. You block the iron imp's attack.
You miss Natasha.
Natasha is almost dead.
Natasha claws you.
You die...

.#. ...>
###.... ##
.....## .. ?.
...?.. ...
#.##.#.. ...
#...รท#.##.###
###.#......#
#.@5........
####h....#####
#.....<.......
#.##....######
# ######


You could see an iron imp (summoned) and Natasha.

Vanquished Creatures
  Natasha (D:2)
  A gnoll (D:1)
  3 goblins (D:1)
  A hobgoblin (D:1)
  2 ball pythons (D:1)
  2 bats (D:1)
  A frilled lizard (D:1)
  4 rats (D:1)
15 creatures vanquished.

Notes
Turn   | Place    | Note
-------+----------+-------------------------------------------
     0 | D:1      | SensoryNuts the Demigod Fighter began the quest for the
                  | Orb.
     0 | D:1      | Reached XP level 1. HP: 18/18 MP: 3/3
   508 | D:1      | Reached XP level 2. HP: 18/25 MP: 4/4
  1091 | D:2      | Noticed Natasha
  1106 | D:2      | Killed Natasha
  1107 | D:2      | Reached XP level 3. HP: 9/31 MP: 5/5
  1312 | D:2      | Noticed Natasha
  1322 | D:2      | Slain by Natasha

Illustrated notes

Levels and vault maps discovered:
D:1:      dpeg_arrival_more_subterranean_lakeside_camping, layout_basic
D:2:      layout_basic, dreamdust_ecumenical_altar_angels_and_demons,
          uniq_jessica, uniq_natasha, uniq_terence

Skill      XL: |  1  2 |
---------------+-------+-----
Armour         | 3 |  3.2
Long Blades    | 2 |  2.2
Fighting       | 3 |  3.0
Shields        | 3 |  3.1
Dodging        | |  0.3

Action                   || total
-------------------------++-------
Melee: Long sword        ||    55
  Use: Potion            ||     2
Armor: Scale mail        ||    24
Dodge: Dodged            ||    23
Block: Buckler           ||    12

Table legend: (Time is in decaauts)
 A = Elapsed time spent in this place.
 B = Non-inter-level travel time spent in this place.
 C = Inter-level travel time spent in this place.
 D = Time resting spent in this place.
 E = Time spent auto-exploring this place.
 F = Levels seen in this place.
 G = Mean time per level.
                   A        B        C        D        E       F      G
               +--------+--------+--------+--------+--------+-----+--------+
         Total |   1341 |   1325 |     16 |      0 |   1204 |   2 |  670.5 |
       Dungeon |   1341 |   1325 |     16 |      0 |   1204 |   2 |  670.5 |
               +--------+--------+--------+--------+--------+-----+--------+

Top non-repeatable levels by time:
     D:1: 1104 daAuts
     D:2: 236 daAuts
